 Dungeon Crawl Stone Soup version 0.21.0-3-g78d12a8 (webtiles) character file.

0 Monsterracer the Insei (level 1, 0/14 HPs)
             Began as a Vampire Transmuter on Jan 14, 2018.
             Slain by a goblin (3 damage)
             ... on level 1 of the Dungeon.
             The game lasted 00:00:22 (135 turns).

Monsterracer the Insei (Vampire Transmuter)          Turns: 135, Time: 00:00:23

Health: 0/14       AC:  2    Str:  9    XL:     1   Next: 8%
Magic:  2/3        EV: 12    Int: 15    God:
Gold:   11         SH:  0    Dex: 14    Spells: 3/4 levels left

rFire    . . .     SeeInvis +     - Unarmed
rCold    . . .     Gourm    .   (no shield)
rNeg     + . .     Faith    .   b - +0 robe
rPois    .         Spirit   .   (no helmet)
rElec    .         Reflect  .   (no cloak)
rCorr    .         Harm     .   (no gloves)
MR       .....                  (no boots)
Stlth    +.........             (no amulet)
HPRegen  0.04/turn              (no ring)
MPRegen  0.08/turn              (no ring)

@: appendage
A: fangs 3, horns 2, see invisible, unbreathing
a: End Transformation


You were on level 1 of the Dungeon.
You were not thirsty.
You had grown temporary horns.
You visited 1 branch of the dungeon, and saw 1 of its levels.

You collected 11 gold pieces.

Inventory:

Missiles
 a - 12 arrows
Armour
 b - a +0 robe (worn)
Potions
 d - a potion of blood
Books
 c - a book of Changes

   Spells                             Type                      Level
   a - Beastly Appendage              Transmutation                1
   b - Sticks to Snakes               Transmutation                2
   c - Spider Form                    Transmutation/Poison         3
   d - Ice Form                       Ice/Transmutation            4
   e - Blade Hands                    Transmutation                5


   Skills:
 - Level 0.8 Fighting
 - Level 2.1 Dodging
 + Level 3.3 Unarmed Combat
 + Level 2.0 Spellcasting
 * Level 2.2 Transmutations


You had 3 spell levels left.
You knew the following spells:

 Your Spells              Type           Power        Failure   Level  Hunger
a - Beastly Appendage     Tmut           #.....       9%          1    #......


Dungeon Overview and Level Annotations

Branches:
Dungeon (1/15)

Altars:


Innate Abilities, Weirdness & Mutations

You have razor-sharp teeth.
You have supernaturally acute eyesight. (SInv)
You can survive without breathing.
You have a pair of horns on your head.


Message History

Welcome, Monsterracer the Vampire Transmuter.
It is said that the Orb of Zot exists deep within this dungeon.
Press ? for a list of commands and other information.
Found a staircase leading out of the dungeon.
Found a short sword.
You see here a short sword.
A kobold comes into view.
Found 11 gold pieces.
A kobold is nearby!
The kobold shouts!
The kobold throws a stone.
The stone closely misses you. The kobold misses you.
You barely miss the kobold. You hit the kobold but do no damage.
Your bite misses the kobold. The kobold misses you.
You closely miss the kobold. The kobold closely misses you.
You hit the kobold.
You kill the kobold!
No target in view!
No target in view!
You see here 4 stones.
No target in view!
You now have 11 gold pieces.
You open the door.
There is an open door here.
Found a mace.
Found a club.
Casting: Beastly Appendage
Confirm with . or Enter, or press ? or * to list all spells.
Okay, then.
A dart slug comes into view.
A dart slug is nearby!
The dart slug launches a dart at you. The slug dart hits you!
You are too injured to fight recklessly!
You take 5 damage, and have 9/14 hp.
MASSIVE DAMAGE!!
You are too injured to fight recklessly!
You are too injured to fight recklessly!
You are too injured to fight recklessly!
You are too injured to fight recklessly!
A goblin comes into view.
Found an escape hatch in the floor.
You hit the dart slug.
The dart slug is lightly wounded.
The goblin shouts!
You hear an angry hiss.
The dart slug bites you.
You take 1 damage, and have 8/14 hp.
You completely miss the dart slug.
The dart slug is lightly wounded.
The dart slug launches a dart at you. The slug dart hits you!
* * * LOW HITPOINT WARNING * * *
You take 5 damage, and have 3/14 hp.
MASSIVE DAMAGE!!
Casting: Beastly Appendage
Confirm with . or Enter, or press ? or * to list all spells.
Okay, then.
Casting: Beastly Appendage
Confirm with . or Enter, or press ? or * to list all spells.
You grow a pair of large bovine horns.
You now have 2/3 mp.
You hit the dart slug.
The dart slug is heavily wounded.
The dart slug closely misses you. The goblin barely misses you.
A ball python comes into view.
You hit the dart slug.
The dart slug is almost dead.
The goblin hits you.
You die...

## #.# ### ##.#.##
##.##
#....@########...####
#.#.#w#g.........)...##
#.....########........
##.#.# ##.###.## ##.#
#.###.# #S #..)..# #.
###+##### #. #....##
#####.#...##


You could see a dart slug, a goblin and a ball python.

Vanquished Creatures
  A kobold (D:1)
1 creature vanquished.

Notes
Turn   | Place    | Note
-------+----------+-------------------------------------------
     0 | D:1      | Monsterracer the Vampire Transmuter began the quest for the Orb.
     0 | D:1      | Reached XP level 1. HP: 14/14 MP: 3/3
   132 | D:1      | HP: 3/14 [dart slug/slug dart (5)]
   135 | D:1      | Slain by a goblin

Action                   || total
-------------------------++-------
Melee: Unarmed           ||     8
 Cast: Beastly Appendage ||     1
Dodge: Dodged            ||     6

Vault maps used:
D:1:      wheals_arrival_linesprint
